 Dungeon Crawl Stone Soup version 0.17-a0-755-g4391640 (webtiles) character file.

204 Leibowitz the Ducker (level 6, 0/37 HPs)
             Began as a Kobold Gladiator on Apr 22, 2015.
             Succumbed to poison (a potion of poison)
             ... on level 3 of the Dungeon.
             The game lasted 00:09:44 (2781 turns).

Leibowitz the Ducker (Kobold Gladiator)             Turns: 2781, Time: 00:09:44

Health: 0/37       AC:  6    Str: 14    XL:     6   Next: 9%
Magic:  6/6        EV: 18    Int:  6    God:
Gold:   130        SH:  0    Dex: 18    Spells: 0 memorised, 5 levels left

rFire  . . .     SeeInvis .     a - +1 dagger (venom)
rCold  . . .     Clarity  .     b - +0 leather armour
rNeg   . . .     SustAb   .     (shield restricted)
rPois  .         Gourm    .     q - +2 helmet
rElec  .         Spirit   .     (no cloak)
rCorr  .         Warding  .     (no gloves)
rMut   .         Stasis   .     (no boots)
MR     .....                    (no amulet)
Stlth  ++........               (no ring)
                                (no ring)

@: lethally poisoned (0 -> -8), very slightly contaminated, hasted, very quick,
not resistant to hostile enchantments, unstealthy
A: carnivore 3
a: no special abilities


You were on level 3 of the Dungeon.
You were very full.

You visited 1 branch of the dungeon, and saw 3 of its levels.

You collected 130 gold pieces.

Inventory:

Hand weapons
 a - a +1 dagger of venom (weapon)
 n - a +0 rapier
Missiles
 d - 3 throwing nets (quivered)
 p - 10 poisoned needles
Armour
 b - a +0 leather armour (worn)
 q - a +2 helmet (worn)
Scrolls
 c - a scroll of amnesia {unknown}
 j - 6 scrolls of identify {unknown}
 k - a scroll of fog {unknown}
 m - 2 scrolls of remove curse {unknown}
Potions
 h - 2 potions of brilliance
 i - a potion of poison
Comestibles
 e - a meat ration
 f - a beef jerky
 o - a chunk of flesh


   Skills:
 + Level 3.4 Fighting
 + Level 5.2 Short Blades
 - Level 2.6 Throwing
 + Level 1.7 Armour
 + Level 5.3 Dodging
 + Level 0.8 Stealth


You had 5 spell levels left.
You didn't know any spells.

Dungeon Overview and Level Annotations

Branches:
Dungeon (3/15)

Altars:
Nemelex Xobeh

Annotations:
D:3 asdu's ghost, average TeAE


Innate Abilities, Weirdness & Mutations

You are small and have problems with some larger weapons.
You are carnivorous and can eat meat at any time.


Message History

You hit something but do no damage. You miss something.
* * * LOW HITPOINT WARNING * * *
You feel sick. Something hits you but does no damage.
You miss something. You hit something. Something hits you.
* * * LOW HITPOINT WARNING * * *
You hit something but do no damage.
* * * LOW HITPOINT WARNING * * *
You feel sick.
You hit something.
Reactivating autopickup.
You have reached level 6!
Your experience leads to an increase in your attributes!
Increase (S)trength, (I)ntelligence, or (D)exterity?
You feel agile.
You feel a bit more experienced.
You barely miss the orc.
The orc is almost dead.
You die...

####
......'....#.#.#.#
# ###
...###...##o.....
# #<#
####....##.#.#.# #
#.#
#.......##...... #
#.#
#o.o....##.#.#.#
####.######
#s.o............
##........#
#.#.....##.#.#.#
##.########
#####.#.....##...
##.# #..@os###.###
##.# #.##### #.#
...# # ... ####
...


You could see an orc and a giant cockroach.

Vanquished Creatures
  An orc priest (D:3)
  Natasha (D:2)
  An orc wizard (D:3)
  5 adders
  2 giant geckos
  3 orcs (D:3)
  4 giant cockroaches
  10 hobgoblins
  4 jackals (D:1)
  3 ball pythons
  9 bats
  4 giant newts
  9 goblins
  13 kobolds
  2 quokkas
  9 rats
80 creatures vanquished.

Notes
Turn   | Place    | Note
--------------------------------------------------------------
     0 | D:1      | Leibowitz, the Kobold Gladiator, began the quest for the Orb.
     0 | D:1      | Reached XP level 1. HP: 12/12 MP: 1/1
   158 | D:1      | Reached XP level 2. HP: 16/18 MP: 2/2
   564 | D:1      | Reached XP level 3. HP: 22/22 MP: 3/3
  1335 | D:2      | Reached XP level 4. HP: 23/27 MP: 4/4
  1345 | D:2      | Reached skill level 1 in Armour
  1516 | D:2      | Noticed Natasha
  1533 | D:2      | Killed Natasha
  1533 | D:2      | Reached XP level 5. HP: 8/32 MP: 5/5
  2095 | D:3      | Reached skill level 5 in Short Blades
  2095 | D:3      | Reached skill level 5 in Dodging
  2557 | D:3      | Noticed asdu's ghost (average TeAE)
  2575 | D:3      | Found a sparkling altar of Nemelex Xobeh.
  2779 | D:3      | HP: 1/32 [poison (a potion of poison)]
  2780 | D:3      | Reached XP level 6. HP: 1/37 MP: 6/6
  2781 | D:3      | Succumbed to poison (a potion of poison)

Action                   |  1- 3 |  4- 6 || total
-------------------------+-------+-------++-------
Melee: Rapier            |   184 |    22 ||   206
       Dagger            |       |   117 ||   117
  Use: Potion            |       |     9 ||     9
 Stab: Sleeping          |       |     1 ||     1
  Eat: Chunk             |    10 |     4 ||    14
